Workbook

Sheet RECALL
A1: Upper Mount Bethel Garbage - Outstanding Balances
A2: Report Date 2-9-26
A4: CRT Account # | B4: Service Year | C4: Name | D4: Service Address | F4: Garbage Assigned | G4: Penalty Assigned | H4: Collection Fee | I4: Attorney Fee | J4: Lien Filing Fee | K4: Lien Prep Fee | L4: Garbage Collected | M4: Penalty Collected | N4: Collection Fee Collected | O4: Attorney Fee Collected | P4: Filing Fee Collected | Q4: Lien Prep Fee Collected | R4: Last Payment Date | S4: Total Balance Outstanding | T4: Full Address
A5: 3623178 | B5: 2023 | C5: 1765 POTOMAC STREET LLC | D5: 1764 | E5: POTOMAC ST | F5: 485 | H5: 106.7 | S5: 598.95 | T5: =D5& " "&E5 -> 1764 POTOMAC ST
A6: 3762317 | B6: 2024 | C6: 1765 POTOMAC STREET LLC | D6: 1764 | E6: POTOMAC ST | F6: 512.75 | H6: 112.81 | S6: 632.81 | T6: =D6& " "&E6 -> 1764 POTOMAC ST
A7: 3784890 | B7: 2025 | C7: A&T PROPERTY MANAGEMENT LLC | D7: 4083 | E7: N DELAWARE DR | F7: 498.41 | H7: 109.65 | S7: 608.06 | T7: =D7& " "&E7 -> 4083 N DELAWARE DR
A8: 3784891 | B8: 2025 | C8: A&T PROPERTY MANAGEMENT LLC | D8: 4087 | E8: N DELAWARE DR | F8: 498.41 | H8: 109.65 | S8: 608.06 | T8: =D8& " "&E8 -> 4087 N DELAWARE DR
A9: 3784664 | B9: 2025 | C9: ACKERMAN,ROBERT C & BRANDI | D9: 2385 | E9: VALLEY VIEW DR | F9: 543.75 | H9: 119.63 | S9: 670.63 | T9: =D9& " "&E9 -> 2385 VALLEY VIEW DR
A10: 3762349 | B10: 2024 | C10: ADAMS,MICHAEL | D10: 768 | E10: TOTTS GAP RD | F10: 512.75 | H10: 112.81 | S10: 632.81 | T10: =D10& " "&E10 -> 768 TOTTS GAP RD
A11: 3784302 | B11: 2025 | C11: ADAMS,MICHAEL | D11: 768 | E11: TOTTS GAP RD | F11: 543.75 | H11: 119.63 | S11: 670.63 | T11: =D11& " "&E11 -> 768 TOTTS GAP RD
A12: 3784767 | B12: 2025 | C12: AHRENS,JOHN & GAYLE | D12: 49 | E12: SEMINOLE TERR | F12: 543.75 | H12: 119.63 | S12: 670.63 | T12: =D12& " "&E12 -> 49 SEMINOLE TERR
A13: 3762423 | B13: 2024 | C13: ALBERT,JASON & ERICA | D13: 371 | E13: MT BETHEL HWY | F13: 512.75 | H13: 112.81 | L13: 260.7 | R13: 46043 | S13: 364.86 | T13: =D13& " "&E13 -> 371 MT BETHEL HWY
A14: 3784797 | B14: 2025 | C14: ALBERT,JASON & ERICA | D14: 371 | E14: MT BETHEL HWY | F14: 407.79 | H14: 89.71 | S14: 497.5 | T14: =D14& " "&E14 -> 371 MT BETHEL HWY
A15: 3762498 | B15: 2024 | C15: ALVIN,JARED & TAWNEY | D15: 750 | E15: S DELAWARE DR | F15: 512.75 | H15: 112.81 | S15: 632.81 | T15: =D15& " "&E15 -> 750 S DELAWARE DR
A16: 3784848 | B16: 2025 | C16: ALVIN,JARED & TAWNEY | D16: 750 | E16: S DELAWARE DR | F16: 543.75 | H16: 119.63 | S16: 670.63 | T16: =D16& " "&E16 -> 750 S DELAWARE DR
A17: 3784878 | B17: 2025 | C17: AMEZQUITA ARACENA,MAYELIN R MARIN YONATHAN,HOLGUIN | D17: 1697 | E17: RIVER RD | F17: 543.75 | H17: 119.63 | S17: 670.63 | T17: =D17& " "&E17 -> 1697 RIVER RD
A18: 3762523 | B18: 2024 | C18: AMEZQUITA,ARACENA MAYELIN & MARIN HOLGUIN,YONATHAN | D18: 1697 | E18: RIVER RD | F18: 512.75 | H18: 112.81 | S18: 632.81 | T18: =D18& " "&E18 -> 1697 RIVER RD
A19: 3784776 | B19: 2025 | C19: AMMOSCATO,ROY & MARIA R | D19: 97 | E19: CHIPPAWA CIR | F19: 543.75 | H19: 119.63 | S19: 670.63 | T19: =D19& " "&E19 -> 97 CHIPPAWA CIR
A20: 3623185 | B20: 2023 | C20: AMOROSI,LOUIS M | D20: 252 | E20: ECHO LAKE DR | F20: 485 | H20: 106.7 | S20: 598.95 | T20: =D20& " "&E20 -> 252 ECHO LAKE DR
A21: 3762395 | B21: 2024 | C21: AMOROSI,LOUIS M | D21: 252 | E21: ECHO LAKE DR | F21: 512.75 | H21: 112.81 | S21: 632.81 | T21: =D21& " "&E21 -> 252 ECHO LAKE DR
A22: 3784739 | B22: 2025 | C22: AMOROSI,LOUIS M | D22: 252 | E22: ECHO LAKE DR | F22: 543.75 | H22: 119.63 | S22: 670.63 | T22: =D22& " "&E22 -> 252 ECHO LAKE DR
A23: 3784838 | B23: 2025 | C23: ANDERSEN,JACOB | D23: 1115 | E23: SUNSET DR | F23: 498.41 | H23: 109.65 | S23: 608.06 | T23: =D23& " "&E23 -> 1115 SUNSET DR
A24: 3784194 | B24: 2025 | C24: ANGUS,SCOTT,JUDY | D24: 1981 | E24: LAKE MINSI DR | F24: 45.31 | H24: 9.97 | S24: 55.28 | T24: =D24& " "&E24 -> 1981 LAKE MINSI DR
A25: 3762574 | B25: 2024 | C25: ANTOINE,DIDIER ELICIN,MARIE | D25: 33 | E25: CRYSTAL TERR | F25: 512.75 | H25: 112.81 | L25: 512.75 | N25: 7.25 | R25: 45838 | S25: 112.81 | T25: =D25& " "&E25 -> 33 CRYSTAL TERR
A26: 3623187 | B26: 2023 | C26: ANTOINE,DIDIER,MARIE-ELICIN | D26: 33 | E26: CRYSTAL TERR | F26: 485 | H26: 106.7 | S26: 598.95 | T26: =D26& " "&E26 -> 33 CRYSTAL TERR
A27: 3784658 | B27: 2025 | C27: ARCHER,JONATHAN | D27: 4192 | E27: RIVER RD | F27: 543.75 | H27: 119.63 | S27: 670.63 | T27: =D27& " "&E27 -> 4192 RIVER RD
A28: 3500525 | B28: 2017 | C28: AUGUSTINO,ANGELO | D28: 1292 | E28: RIVER ROAD | F28: 270 | G28: 71.55 | H28: 59.4 | S28: 400.95 | T28: =D28& " "&E28 -> 1292 RIVER ROAD
A29: 3623189 | B29: 2023 | C29: AYDEMIR,JANE A | D29: 49 | E29: MT BETHEL HWY | F29: 485 | H29: 106.7 | S29: 598.95 | T29: =D29& " "&E29 -> 49 MT BETHEL HWY
A30: 3762425 | B30: 2024 | C30: AYDEMIR,JANE A | D30: 49 | E30: MT BETHEL HWY | F30: 512.75 | H30: 112.81 | S30: 632.81 | T30: =D30& " "&E30 -> 49 MT BETHEL HWY
A31: 3784802 | B31: 2025 | C31: AYDEMIR,JANE A | D31: 49 | E31: MT BETHEL HWY | F31: 543.75 | H31: 119.63 | S31: 670.63 | T31: =D31& " "&E31 -> 49 MT BETHEL HWY
A32: 3784190 | B32: 2025 | C32: AYERS,THOMAS & JACQUELINE | D32: 55 | E32: RAMBLEWOOD RD | F32: 543.75 | H32: 119.63 | S32: 670.63 | T32: =D32& " "&E32 -> 55 RAMBLEWOOD RD
A33: 3762443 | B33: 2024 | C33: BABAKULOVA,SHOIRA | D33: 94 | E33: HAMPTON DR | F33: 512.75 | H33: 112.81 | S33: 632.81 | T33: =D33& " "&E33 -> 94 HAMPTON DR
A34: 3784368 | B34: 2025 | C34: BABAKULOVA,SHOIRA | D34: 94 | E34: HAMPTON DR | F34: 543.75 | H34: 119.63 | S34: 670.63 | T34: =D34& " "&E34 -> 94 HAMPTON DR
A35: 3784391 | B35: 2025 | C35: BALDANZA,ANDREW KRAMER,DENISE | D35: 1191 | E35: MILLION DOLLAR HWY | F35: 543.75 | H35: 119.63 | S35: 670.63 | T35: =D35& " "&E35 -> 1191 MILLION DOLLAR HWY
A36: 3762519 | B36: 2024 | C36: BARILA,ROSARIO & PATRICIA | D36: 9 | E36: FARMSTEAD WAY | F36: 512.75 | H36: 112.81 | L36: 152.57 | R36: 46052 | S36: 480.24 | T36: =D36& " "&E36 -> 9 FARMSTEAD WAY
A37: 3784163 | B37: 2025 | C37: BARKER JR,TERRANCE V | D37: 469 | E37: AUTUMN DR | F37: 543.75 | H37: 119.63 | S37: 670.63 | T37: =D37& " "&E37 -> 469 AUTUMN DR
A38: 3762290 | B38: 2024 | C38: BARKER JR,TERRENCE V | D38: 469 | E38: AUTUMN DR | F38: 512.75 | H38: 112.81 | L38: 88.96 | R38: 46057 | S38: 543.85 | T38: =D38& " "&E38 -> 469 AUTUMN DR
A39: 3623198 | B39: 2023 | C39: BARNES,MARIE | D39: 418 | E39: BELVIDERE CRNR RD | F39: 485 | H39: 106.7 | S39: 598.95 | T39: =D39& " "&E39 -> 418 BELVIDERE CRNR RD
A40: 3762365 | B40: 2024 | C40: BARNES,MARIE | D40: 418 | E40: BELVIDERE CRNR RD | F40: 512.75 | H40: 112.81 | S40: 632.81 | T40: =D40& " "&E40 -> 418 BELVIDERE CRNR RD
A41: 3784712 | B41: 2025 | C41: BARNES,MARIE | D41: 418 | E41: BELVIDERE CORNER RD | F41: 543.75 | H41: 119.63 | S41: 670.63 | T41: =D41& " "&E41 -> 418 BELVIDERE CORNER RD
A42: 3762410 | B42: 2024 | C42: BARSOLONA,MAKALA WRIGHT-HORN,DONNA | D42: 18 | E42: LENAPE TRL | F42: 512.75 | H42: 112.81 | S42: 632.81 | T42: =D42& " "&E42 -> 18 LENAPE TRL
A43: 3784771 | B43: 2025 | C43: BARSOLONA,MAKALA WRIGHT-HORN,DONNA | D43: 18 | E43: LENAPE TRL | F43: 543.75 | H43: 119.63 | S43: 670.63 | T43: =D43& " "&E43 -> 18 LENAPE TRL
A44: 3500613 | B44: 2009 | C44: BASTEDO,BONNIE | D44: 631 | E44: S DELAWARE DR | F44: 225 | G44: 173.74 | H44: 49.5 | S44: 448.24 | T44: =D44& " "&E44 -> 631 S DELAWARE DR
A45: 3500615 | B45: 2010 | C45: BASTEDO,BONNIE | D45: 631 | E45: S DELAWARE DR | F45: 288.76 | G45: 191.4 | H45: 63.53 | S45: 543.69 | T45: =D45& " "&E45 -> 631 S DELAWARE DR
A46: 3500617 | B46: 2011 | C46: BASTEDO,BONNIE | D46: 631 | E46: S DELAWARE DR | F46: 290.19 | G46: 192.7 | H46: 63.84 | S46: 546.73 | T46: =D46& " "&E46 -> 631 S DELAWARE DR
A47: 3500526 | B47: 2017 | C47: BASTEDO,ROBERT D & BONNIE L | D47: 631 | E47: S DELAWARE DR | F47: 216 | G47: 57.24 | H47: 47.52 | I47: 150 | J47: 24.5 | K47: 50 | S47: 545.26 | T47: =D47& " "&E47 -> 631 S DELAWARE DR
A48: 3520787 | B48: 2018 | C48: BASTEDO,ROBERT D & BONNIE L | D48: 631 | E48: S DELAWARE DR | F48: 180 | G48: 18 | H48: 39.6 | S48: 237.6 | T48: =D48& " "&E48 -> 631 S DELAWARE DR
A49: 3547432 | B49: 2019 | C49: BASTEDO,ROBERT D & BONNIE L | D49: 631 | E49: S DELAWARE DR | F49: 180 | G49: 18 | H49: 39.6 | S49: 237.6 | T49: =D49& " "&E49 -> 631 S DELAWARE DR
A50: 3576321 | B50: 2020 | C50: BASTEDO,ROBERT D & BONNIE L | D50: 631 | E50: S DELAWARE DR | F50: 180 | G50: 18 | H50: 39.6 | S50: 237.6 | T50: =D50& " "&E50 -> 631 S DELAWARE DR
A51: 3614819 | B51: 2022 | C51: BASTEDO,ROBERT D & BONNIE L | D51: 631 | E51: S DELAWARE DR | F51: 180 | G51: 18 | H51: 39.6 | S51: 237.6 | T51: =D51& " "&E51 -> 631 S DELAWARE DR
A52: 3623199 | B52: 2023 | C52: BASTEDO,ROBERT D & BONNIE L | D52: 631 | E52: S DELAWARE DR | F52: 322.04 | H52: 70.85 | S52: 392.89 | T52: =D52& " "&E52 -> 631 S DELAWARE DR
A53: 3762503 | B53: 2024 | C53: BASTEDO,ROBERT D & BONNIE L | D53: 631 | E53: S DELAWARE DR | F53: 512.75 | H53: 112.81 | S53: 632.81 | T53: =D53& " "&E53 -> 631 S DELAWARE DR
A54: 3784856 | B54: 2025 | C54: BASTEDO,ROBERT D & BONNIE L | D54: 631 | E54: S DELAWARE DR | F54: 543.75 | H54: 119.63 | S54: 670.63 | T54: =D54& " "&E54 -> 631 S DELAWARE DR
A55: 3762546 | B55: 2024 | C55: BAUER,HEATHER | D55: 280 | E55: GALLERY LN | F55: 512.75 | H55: 112.81 | L55: 50 | R55: 45875 | S55: 582.81 | T55: =D55& " "&E55 -> 280 GALLERY LN
A56: 3623200 | B56: 2023 | C56: BAUMANN,JADE A GENSTERMAKER,MAGGIE E | D56: 114 | E56: CHIPPAWA CIR | F56: 485 | H56: 106.7 | S56: 598.95 | T56: =D56& " "&E56 -> 114 CHIPPAWA CIR
A57: 3784378 | B57: 2025 | C57: BAUMANN,JADE A GENSTERMAKER,MAGGIE E | D57: 114 | E57: CHIPPAWA CIR | F57: 543.75 | H57: 119.63 | S57: 670.63 | T57: =D57& " "&E57 -> 114 CHIPPAWA CIR
A58: 3547436 | B58: 2019 | C58: BAYLOR JR, CARL W | D58: 151 | E58: BLUE MTN DR | F58: 225 | G58: 22.5 | H58: 49.5 | I58: 150 | J58: 24.5 | K58: 50 | S58: 521.5 | T58: =D58& " "&E58 -> 151 BLUE MTN DR
A59: 3576326 | B59: 2020 | C59: BAYLOR JR,CARL W | D59: 151 | E59: BLUE MOUNTAIN DR | F59: 225 | G59: 22.5 | H59: 49.5 | S59: 297 | T59: =D59& " "&E59 -> 151 BLUE MOUNTAIN DR
A60: 3599432 | B60: 2021 | C60: BAYLOR JR,CARL W | D60: 151 | E60: BLUE MTN DR | F60: 225 | G60: 22.5 | H60: 49.5 | S60: 297 | T60: =D60& " "&E60 -> 151 BLUE MTN DR
A61: 3614821 | B61: 2022 | C61: BAYLOR JR,CARL W | D61: 151 | E61: BLUE MTN DR | F61: 225 | G61: 22.5 | H61: 49.5 | I61: 150 | J61: 24.5 | K61: 50 | S61: 521.5 | T61: =D61& " "&E61 -> 151 BLUE MTN DR
A62: 3623201 | B62: 2023 | C62: BAYLOR JR,CARL W | D62: 151 | E62: BLUE MOUNTAIN DR | F62: 485 | H62: 106.7 | S62: 598.95 | T62: =D62& " "&E62 -> 151 BLUE MOUNTAIN DR
A63: 3762388 | B63: 2024 | C63: BAYLOR JR,CARL W | D63: 151 | E63: BLUE MOUNTAIN DR | F63: 512.75 | H63: 112.81 | S63: 632.81 | T63: =D63& " "&E63 -> 151 BLUE MOUNTAIN DR
A64: 3784729 | B64: 2025 | C64: BAYLOR JR,CARL W | D64: 151 | E64: BLUE MOUNTAIN DR | F64: 543.75 | H64: 119.63 | S64: 670.63 | T64: =D64& " "&E64 -> 151 BLUE MOUNTAIN DR
A65: 3762630 | B65: 2024 | C65: BEAMAN,ANDREW T | D65: 561 | E65: SHOOKTOWN RD | F65: 512.75 | H65: 112.81 | L65: 239.67 | R65: 46057 | S65: 393.14 | T65: =D65& " "&E65 -> 561 SHOOKTOWN RD
A66: 3784701 | B66: 2025 | C66: BEAMAN,ANDREW T | D66: 561 | E66: SHOOKTOWN RD | F66: 543.75 | H66: 119.63 | S66: 670.63 | T66: =D66& " "&E66 -> 561 SHOOKTOWN RD
A67: 3576328 | B67: 2020 | C67: BEBLOWSKI,JEANNE | D67: 520 | E67: RIDGE RD | F67: 180 | G67: 18 | H67: 39.6 | S67: 237.6 | T67: =D67& " "&E67 -> 520 RIDGE RD
A68: 3478720 | B68: 2015 | C68: BEBLOWSKI,JEANNIE | D68: 520 | E68: RIDGE RD | F68: 270 | G68: 71.55 | H68: 59.4 | I68: 150 | J68: 24.5 | S68: 575.45 | T68: =D68& " "&E68 -> 520 RIDGE RD
A69: 3479635 | B69: 2016 | C69: BEBLOWSKI,JEANNIE | D69: 520 | E69: RIDGE RD | F69: 270 | G69: 71.55 | H69: 59.4 | S69: 400.95 | T69: =D69& " "&E69 -> 520 RIDGE RD
A70: 3500529 | B70: 2017 | C70: BEBLOWSKI,JEANNIE | D70: 520 | E70: RIDGE RD | F70: 216 | G70: 57.24 | H70: 47.52 | S70: 320.76 | T70: =D70& " "&E70 -> 520 RIDGE RD
A71: 3520791 | B71: 2018 | C71: BEBLOWSKI,JEANNIE | D71: 520 | E71: RIDGE RD | F71: 180 | G71: 18 | H71: 39.6 | S71: 237.6 | T71: =D71& " "&E71 -> 520 RIDGE RD
A72: 3547438 | B72: 2019 | C72: BEBLOWSKI,JEANNIE | D72: 520 | E72: RIDGE RD | F72: 180 | G72: 18 | H72: 39.6 | I72: 150 | J72: 24.5 | K72: 50 | S72: 462.1 | T72: =D72& " "&E72 -> 520 RIDGE RD
A73: 3599434 | B73: 2021 | C73: BEBLOWSKI,JEANNIE | D73: 520 | E73: RIDGE RD | F73: 180 | G73: 18 | H73: 39.6 | S73: 237.6 | T73: =D73& " "&E73 -> 520 RIDGE RD
A74: 3614823 | B74: 2022 | C74: BEBLOWSKI,JEANNIE | D74: 520 | E74: RIDGE RD | F74: 180 | G74: 18 | H74: 39.6 | I74: 150 | J74: 24.5 | K74: 50 | S74: 462.1 | T74: =D74& " "&E74 -> 520 RIDGE RD
A75: 3623203 | B75: 2023 | C75: BEBLOWSKI,JEANNIE | D75: 520 | E75: RIDGE RD | F75: 403.52 | H75: 88.77 | S75: 492.29 | T75: =D75& " "&E75 -> 520 RIDGE RD
A76: 3762632 | B76: 2024 | C76: BEBLOWSKI,JEANNIE | D76: 520 | E76: RIDGE RD | F76: 512.75 | H76: 112.81 | L76: 400 | R76: 45848 | S76: 232.81 | T76: =D76& " "&E76 -> 520 RIDGE RD
A77: 3784702 | B77: 2025 | C77: BEBLOWSKI,JEANNIE | D77: 520 | E77: RIDGE RD | F77: 543.75 | H77: 119.63 | S77: 670.63 | T77: =D77& " "&E77 -> 520 RIDGE RD
A78: 3478722 | B78: 2015 | C78: BEBLOWSKI,JEANNIE | D78: 522 | E78: RIDGE RD | F78: 270 | G78: 71.55 | H78: 59.4 | I78: 150 | S78: 550.95 | T78: =D78& " "&E78 -> 522 RIDGE RD
A79: 3479634 | B79: 2016 | C79: BEBLOWSKI,JEANNIE | D79: 522 | E79: RIDGE RD | F79: 270 | G79: 71.55 | H79: 59.4 | S79: 400.95 | T79: =D79& " "&E79 -> 522 RIDGE RD
A80: 3500530 | B80: 2017 | C80: BEBLOWSKI,JEANNIE | D80: 522 | E80: RIDGE ROAD | F80: 270 | G80: 71.55 | H80: 59.4 | S80: 400.95 | T80: =D80& " "&E80 -> 522 RIDGE ROAD
A81: 3501477 | B81: 2014 | C81: BEBLOWSKI,JEANNIE | D81: 520 & 522 | E81: RIDGE RD | F81: 540 | G81: 93.1 | H81: 118.8 | S81: 751.9 | T81: =D81& " "&E81 -> 520 & 522 RIDGE RD
A82: 3501516 | B82: 2013 | C82: BELLIS,SEAN & TAMARA | D82: 772 | E82: RIDGE RD | F82: 270 | G82: 44.55 | H82: 59.4 | S82: 373.95 | T82: =D82& " "&E82 -> 772 RIDGE RD
A83: 3501517 | B83: 2014 | C83: BELLIS,SEAN & TAMARA | D83: 772 | E83: RIDGE RD | F83: 270 | G83: 44.55 | H83: 59.4 | S83: 373.95 | T83: =D83& " "&E83 -> 772 RIDGE RD
A84: 3478724 | B84: 2015 | C84: BELLIS,SHAWN & TAMARA | D84: 722 | E84: RIDGE RD | F84: 270 | G84: 71.55 | H84: 59.4 | S84: 400.95 | T84: =D84& " "&E84 -> 722 RIDGE RD
A85: 3479636 | B85: 2016 | C85: BELLIS,SHAWN & TAMARA | D85: 772 | E85: RIDGE RD | F85: 270 | G85: 71.55 | H85: 59.4 | S85: 400.95 | T85: =D85& " "&E85 -> 772 RIDGE RD
A86: 3500531 | B86: 2017 | C86: BELLIS,SHAWN & TAMARA | D86: 772 | E86: RIDGE ROAD | F86: 270 | G86: 71.55 | H86: 59.4 | S86: 400.95 | T86: =D86& " "&E86 -> 772 RIDGE ROAD
A87: 3520794 | B87: 2018 | C87: BELLIS,SHAWN & TAMARA | D87: 772 | E87: RIDGE RD | F87: 225 | G87: 22.5 | H87: 49.5 | S87: 297 | T87: =D87& " "&E87 -> 772 RIDGE RD
A88: 3547440 | B88: 2019 | C88: BELLIS,SHAWN & TAMARA | D88: 772 | E88: RIDGE RD | F88: 225 | G88: 22.5 | H88: 49.5 | S88: 297 | T88: =D88& " "&E88 -> 772 RIDGE RD
A89: 3576330 | B89: 2020 | C89: BELLIS,SHAWN & TAMARA | D89: 772 | E89: RIDGE RD | F89: 225 | G89: 22.5 | H89: 49.5 | S89: 297 | T89: =D89& " "&E89 -> 772 RIDGE RD
A90: 3599435 | B90: 2021 | C90: BELLIS,SHAWN & TAMARA | D90: 772 | E90: RIDGE RD | F90: 225 | G90: 22.5 | H90: 49.5 | S90: 297 | T90: =D90& " "&E90 -> 772 RIDGE RD
A91: 3623205 | B91: 2023 | C91: BELLIS,SHAWN & TAMARA | D91: 772 | E91: RIDGE RD | F91: 161.02 | H91: 35.42 | S91: 196.44 | T91: =D91& " "&E91 -> 772 RIDGE RD
A92: 3762320 | B92: 2024 | C92: BELLIS,SHAWN & TAMARA | D92: 772 | E92: RIDGE RD | F92: 512.75 | H92: 112.81 | S92: 632.81 | T92: =D92& " "&E92 -> 772 RIDGE RD
A93: 3784705 | B93: 2025 | C93: BELLIS,SHAWN & TAMARA | D93: 772 | E93: RIDGE RD | F93: 543.75 | H93: 119.63 | S93: 670.63 | T93: =D93& " "&E93 -> 772 RIDGE RD
A94: 3614824 | B94: 2022 | C94: BELLS,SHAWN & TAMARA | D94: 772 | E94: RIDGE RD | F94: 225 | G94: 22.5 | H94: 49.5 | S94: 297 | T94: =D94& " "&E94 -> 772 RIDGE RD
A95: 3623207 | B95: 2023 | C95: BERKO,CAROL-deceased | D95: 745 | E95: MILLION DOLLAR HWY | F95: 485 | H95: 106.7 | S95: 598.95 | T95: =D95& " "&E95 -> 745 MILLION DOLLAR HWY
A96: 3762384 | B96: 2024 | C96: BERKO,CAROL-deceased | D96: 745 | E96: MILLION DOLLAR HWY | F96: 512.75 | H96: 112.81 | S96: 632.81 | T96: =D96& " "&E96 -> 745 MILLION DOLLAR HWY
A97: 3784725 | B97: 2025 | C97: BERKO,CAROL-deceased | D97: 745 | E97: MILLION DOLLAR HWY | F97: 543.75 | H97: 119.63 | S97: 670.63 | T97: =D97& " "&E97 -> 745 MILLION DOLLAR HWY
A98: 3784973 | B98: 2025 | C98: BISHOP LIVING TRUST | D98: 638 | E98: FIVE PTS RICHMOND RD | F98: 543.75 | H98: 119.63 | S98: 670.63 | T98: =D98& " "&E98 -> 638 FIVE PTS RICHMOND RD
A99: 3623211 | B99: 2023 | C99: BITTNER,MICHAEL & KATHERINE | D99: 628 | E99: TOTTS GAP RD | F99: 485 | H99: 106.7 | L99: 342.17 | R99: 46036 | S99: 256.78 | T99: =D99& " "&E99 -> 628 TOTTS GAP RD
A100: 3762350 | B100: 2024 | C100: BITTNER,MICHAEL & KATHERINE | D100: 628 | E100: TOTTS GAP RD | F100: 512.75 | H100: 112.81 | S100: 632.81 | T100: =D100& " "&E100 -> 628 TOTTS GAP RD
A101: 3784303 | B101: 2025 | C101: BITTNER,MICHAEL & KATHERINE | D101: 628 | E101: TOTTS GAP RD | F101: 543.75 | H101: 119.63 | S101: 670.63 | T101: =D101& " "&E101 -> 628 TOTTS GAP RD
...

Sheet Statistics
A1: Unique Names | B1: Unique Properties | C1: Oldest Delinquent Year
A2: =COUNTA(_xlfn.UNIQUE(RECALL!$C5:$C1405)) -> 556 | B2: =COUNTA(_xlfn.UNIQUE(RECALL!$T5:$T1405)) -> 534 | C2: =MIN(RECALL!$B2:$B1402) -> 1994
A4: Highest Amount Owed | B4: Lowest Amount Owed | C4: Average Amount Owed
A5: =MAX(RECALL!$F5:$F1405) -> 1610 | B5: =MIN(RECALL!$F5:$F1405) -> 4.85 | C5: =AVERAGE(RECALL!$F5:$F1405) -> 384.50358
A7: Total Billed | B7: Total Collection Fees | C7: Total Owed with Fees
A8: =SUM(RECALL!$F5:$F1405) -> 537151.5 | B8: =SUM(RECALL!$H5:$H1405) -> 118144.68 | C8: =SUM(RECALL!$S5:$S1405) -> 703815.47
